 Dungeon Crawl Stone Soup version 0.31.0-11-ge490571c62 (webtiles) character file.

Game seed: 1847037967109695004

7389 Edyrem the Severer (level 10, -11/97 HPs)
             Began as a Minotaur Berserker on Feb 5, 2024.
             Was an Elder of Trog.
             Mangled by an ice devil (21 damage)
             ... on level 1 of the Lair of Beasts.
             The game lasted 00:22:22 (8241 turns).

Edyrem the Severer (Minotaur Berserker)             Turns: 8241, Time: 00:22:23

Health: -11/97     AC: 17    Str: 24    XL:     10   Next: 92%
Magic:  8/9        EV:  6    Int:  4    God:    Trog [****..]
Gold:   480        SH:  8    Dex: 12    Spells: 9/9 levels left

rFire   . . .        c - +0 morningstar (flame)
rCold   . . .        D - +1 kite shield
rNeg    + . .        O - +0 plate armour of Chimes {Will+}
rPois   .            (helmet restricted)
rElec   .            x - +0 cloak
rCorr   .            J - +2 pair of gloves {infuse}
SInv    .            A - +1 pair of boots
Will    +....        g - amulet of magic regeneration Stlth
                     E - ring of positive energy
HPRegen 0.36/turn    (no ring)
MPRegen 0.51/turn

%: infuse magic (1 MP)
@: no status effects
A: horns 2, retaliatory headbutt
a: Renounce Religion, Berserk, Trog's Hand, Brothers in Arms


You were on level 1 of the Lair of Beasts.
You worshipped Trog.
Trog was greatly pleased with you.
You visited 2 branches of the dungeon, and saw 10 of its levels.

You collected 480 gold pieces.

Inventory:

Hand Weapons
 a - a +0 war axe
 b - a +1 whip of freezing
 c - a +0 morningstar of flaming (weapon)
 d - a +3 hand axe of electrocution
 I - a +0 trident
 M - a +5 battleaxe
 P - a +1 sling of draining
Missiles
 i - 4 curare-tipped darts
 k - 11 poisoned darts (quivered)
 B - 5 boomerangs
 K - 13 javelins
Armour
 x - a +0 cloak (worn)
 A - a +1 pair of boots (worn)
 D - a +1 kite shield (worn)
 G - a +1 chain mail of fire resistance
 H - +0 acid dragon scales
 J - a +2 pair of gloves of infusion (worn)
 O - the +0 plate armour of Chimes (worn) {Will+}
   (You took it off an orc warrior on level 7 of the Dungeon)

   Will+:     It increases your willpower.
Jewellery
 g - an amulet of magic regeneration (around neck)
 E - a ring of positive energy (left hand)
Wands
 r - a wand of flame (36)
Scrolls
 e - 2 scrolls of noise
 o - 2 scrolls of teleportation
 y - a scroll of revelation
 L - a scroll of enchant weapon
Potions
 f - a potion of berserk rage {unknown}
 h - a potion of ambrosia {unknown}
 m - 2 potions of lignification
 n - a potion of resistance {unknown}
 q - a potion of cancellation {unknown}
 t - 3 potions of curing {@q2}
 u - a potion of magic {unknown}
 v - a potion of enlightenment {unknown}
 z - 2 potions of heal wounds {@q1}
 C - a potion of attraction {unknown}


   Skills:
 + Level 12.2 Fighting
 * Level 16.3 Axes
 - Level 2.5 Armour
 - Level 2.3 Dodging


You had 9 spell levels left.
You didn't know any spells.
Your spell library was empty.

Dungeon Overview and Level Annotations

Branches:
Dungeon (9/15)             Temple (0/1) D:7            Lair (1/5) D:9
    Orc: D:9-12

Altars:
Dithmenos
Gozag
Qazlal
Ru
Trog
Zin
The Shining One

Shops:
D:6 :

Portals:
Ice
Cave: Lair:1


Innate Abilities, Weirdness & Mutations

You have a pair of horns on your head.
You reflexively headbutt those who attack you in melee.


Message History

The ice devil is heavily wounded.
The ice devil hits you but does no damage. x2
You barely miss the ice devil. Your headbutt misses the ice devil.
The ice devil hits you! The ice devil freezes you!
The ice devil barely misses you. You block the ice devil's attack.
The ice devil hits you but does no damage.
You impale the ice devil!! You burn the ice devil.
The ice devil is heavily wounded.
You block the ice devil's attack. The ice devil hits you.
The ice devil freezes you!!
You are too injured to fight recklessly!
You are too injured to fight recklessly!
You closely miss the ice devil.
The ice devil is heavily wounded.
You block the ice devil's attack.
The ice devil hits you but does no damage.
You sock the ice devil! You burn the ice devil.
You headbutt the ice devil, but do no damage.
The ice devil is almost dead.
The ice devil hits you. The ice devil freezes you!!
* * * LOW HITPOINT WARNING * * *
You block the ice devil's attack.
You closely miss the ice devil.
You headbutt the ice devil, but do no damage.
The ice devil is almost dead.
You block the ice devil's attack. x2
You puncture the ice devil! You burn the ice devil.
You kill the ice devil!
Trog accepts your kill. You block the ice devil's attack.
You barely miss the ice devil. Your headbutt misses the ice devil.
The ice devil is heavily wounded.
You block the ice devil's attack.
You sock the ice devil! You burn the ice devil!
The ice devil is almost dead.
The ice devil hits you but does no damage.
The ice devil hits you.
* * * LOW HITPOINT WARNING * * *
The ice devil freezes you!!
You die...

,,,,,,* **,,..........,,,*
,,,,,,* **.............#*
,,,,,*** *#............# ,,,,,,,*
*#...........## ,,,,,,**
*#....#....#.## ,,,,,,* ###***
*#..#.....#..#
,,,,,,****#...,*####...........#
*,,,,,,,,*#....##.'...........###
*,,,,,,,,*#∩....@.#.............#
,,,,,,,,,*#....##4+.............#
,,,,,,,,,*#...,*###.....##.......
,,,,,,,,,*###*** #...)###.......
,,,,,,,,,*********#....#*##......
,,,,,,,,,,,,,,,,,.......* ###....
,,,,,,,,,,,,,,,,......### ###....
,,,,,,,*,,,,,,,,.....## ##P.#..
,,,,,,,,,,,,,,,,,,,*** #####..


You could see an ice devil.

Vanquished Creatures
  The ghost of SuperJoe the Cleaver, a novice MiFi (D:7)
  Pikel (D:6)
  Maggie (D:6)
  An ice devil (Lair:1)
  2 hornets
  Sigmund (D:4)
  6 yaks (D:9)
  A warg (D:7)
  A steam dragon (D:8)
  Menkaure (D:4)
  A water moccasin (D:7)
  3 orc warriors
  2 sky beasts
  A black bear (D:4)
  An ice beast (D:7)
  2 ogres
  2 wolves (D:9)
  2 centaurs
  3 phantoms
  A lemure (D:6)
  A kobold brigand (D:8)
  Blork the orc (D:6)
  A bullfrog (D:8)
  A gnoll sergeant (D:9)
  2 scorpions
  13 wights
  A wyvern skeleton (D:5)
  9 killer bees
  4 howler monkeys
  5 orc priests
  A bombardier beetle (D:5)
  5 hounds
  A bullfrog skeleton (D:5)
  5 iguanas
  5 orc wizards
  A howler monkey zombie (D:5)
  11 gnolls
  3 adders
  A shadow imp (D:8)
  2 white imps
  2 ufetubi (D:6)
  A ribbon worm (D:2)
  The ghost of Skitler the Covert, a weakling GnDe (D:5)
  5 dart slugs
  24 orcs
  6 endoplasms
  6 giant cockroaches
  9 goblins
  6 hobgoblins
  9 jackals
  6 quokkas
  5 ball pythons
  4 bats
  5 frilled lizards
  2 goblin skeletons (D:4)
  A goblin zombie (D:4)
  A hobgoblin zombie (D:4)
  12 kobolds
  A kobold skeleton (D:4)
  An orc skeleton (D:4)
  3 orc zombies (D:4)
  3 rats
220 creatures vanquished.

Notes
Turn   | Place    | Note
-------+----------+-------------------------------------------
     0 | D:1      | Edyrem the Minotaur Berserker began the quest for the Orb.
     0 | D:1      | Reached XP level 1. HP: 19/19 MP: 0/0
   169 | D:1      | Reached skill level 4 in Axes
   169 | D:1      | Reached XP level 2. HP: 27/27 MP: 1/1
   274 | D:1      | Found a faded altar of an unknown god.
   406 | D:1      | Reached ** piety under Trog
   533 | D:1      | Reached XP level 3. HP: 30/33 MP: 2/2
  1287 | D:2      | You fall into a shaft and drop 1 floor!
  1315 | D:3      | Found a stormy altar of Qazlal.
  1325 | D:3      | Reached skill level 5 in Axes
  1581 | D:3      | Reached XP level 4. HP: 41/41 MP: 3/3
  1653 | D:3      | Reached *** piety under Trog
  1972 | D:4      | Noticed a scorpion
  1986 | D:4      | Killed a scorpion
  1987 | D:4      | Reached skill level 5 in Fighting
  1987 | D:4      | Reached skill level 6 in Axes
  1987 | D:4      | Reached XP level 5. HP: 33/48 MP: 4/4
  2054 | D:4      | Found a bloodstained altar of Trog.
  2109 | D:4      | Found a glowing golden altar of the Shining One.
  2150 | D:4      | Noticed Sigmund
  2264 | D:4      | Killed Sigmund
  2265 | D:4      | Reached skill level 7 in Axes
  2265 | D:4      | Reached XP level 6. HP: 47/57 MP: 5/5
  2429 | D:4      | Noticed Menkaure
  2434 | D:4      | Killed Menkaure
  2435 | D:4      | Reached skill level 8 in Axes
  2435 | D:4      | Reached XP level 7. HP: 52/64 MP: 6/6
  2665 | D:4      | Reached skill level 9 in Axes
  3116 | D:5      | Entered Level 5 of the Dungeon
  3266 | D:5      | Found a transporter.
  3266 | D:5      | Noticed Skitler's ghost (weakling GnDe)
  3269 | D:5      | Found a transporter.
  3320 | D:5      | Reached **** piety under Trog
  3352 | D:5      | Reached XP level 8. HP: 73/73 MP: 7/7
  3471 | D:5      | Reached skill level 10 in Axes
  4353 | D:6      | Noticed Maggie
  4367 | D:6      | Killed Maggie
  4368 | D:6      | Reached skill level 11 in Axes
  4430 | D:6      | Noticed Pikel
  4440 | D:6      | Killed Pikel
  4441 | D:6      | Reached skill level 12 in Axes
  4441 | D:6      | Reached XP level 9. HP: 83/83 MP: 8/8
  4464 | D:6      | Found Odion's Vocational Training.
  4473 | D:6      | Noticed Blork the orc
  4481 | D:6      | Killed Blork the orc
  4963 | D:7      | Found a shadowy altar of Dithmenos.
  5085 | D:7      | Found a runed translucent gate.
  5086 | D:7      | Found a runed translucent gate.
  5086 | D:7      | Noticed SuperJoe's ghost (novice MiFi)
  5087 | D:7      | Found a runed translucent gate.
  5088 | D:7      | Identified the +0 plate armour of Chimes {Will+}
  5231 | D:7      | Reached skill level 13 in Axes
  5267 | D:7      | Found a staircase to the Ecumenical Temple.
  5390 | D:5      | Killed Skitler's ghost
  5731 | D:7      | Reached skill level 10 in Fighting
  5999 | D:7      | Killed SuperJoe's ghost
  6000 | D:7      | Reached skill level 14 in Axes
  6000 | D:7      | Reached XP level 10. HP: 94/94 MP: 9/9
  6508 | D:8      | Found a sacrificial altar of Ru.
  6660 | D:8      | Paralysed by a hornet for 2 turns
  6923 | D:8      | Found a glowing silver altar of Zin.
  7078 | D:9      | Found a staircase to the Lair.
  7093 | D:9      | Reached skill level 15 in Axes
  7326 | D:9      | Found an opulent altar of Gozag.
  7457 | D:9      | Reached skill level 16 in Axes
  7770 | D:9      | Paralysed by a hornet for 3 turns
  8207 | Lair:1   | Entered Level 1 of the Lair of Beasts
  8227 | Lair:1   | Found a frozen archway.
  8241 | Lair:1   | Mangled by an ice devil

Illustrated notes

Levels and vault maps discovered:
D:1:      minmay_arrival_split_and_join, layout_loops_ring,
          hellmonk_ecumenical_altar_leap_of_faith
D:2:      layout_basic
D:3:      layout_loops_ring, mainiacjoe_overflow_chevrons
D:4:      minmay_recursive_quarters, layout_cave_pools,
          mainiacjoe_overflow_surrounded_room, nicolae_tso_besieged_by_evil,
          minmay_checkerbox, uniq_menkaure, uniq_sigmund
D:5:      layout_basic, gammafunk_ghost_mausoleum
D:6:      layout_basic, nicolae_shop_vocational, uniq_blork_the_orc, uniq_pikel,
          uniq_maggie
D:7:      layout_gridville, nicolae_dithmenos_through_a_glass_darkly,
          minmay_temple_entry_wispy, biasface_ghost_orc_armoury
D:8:      layout_cave_pools, mainiacjoe_overflow_big_doors,
          minmay_stone_trees_small
D:9:      layout_irregular_city, grunt_gozag_statues, erik_lair_orcish_takeover
Lair:1:   layout_hall_layers, portal_ice_cave_demonic_guard, uniq_gastronok

Skill      XL: |  1  2  3  4  5  6  7  8  9 10 |
---------------+-------------------------------+-----
Axes           | 4 5 6 7 8 9 12 14 16 | 16.3
Fighting       | 4 5 6 7 9 10 12 | 12.2
Armour         | |  2.5
Dodging        | |  2.3

Action                     |  1- 3 |  4- 6 |  7- 9 | 10-12 || total
---------------------------+-------+-------+-------+-------++-------
  Melee: Hand axe          |    56 |     7 |    19 |    58 ||   140
         Headbutt          |    13 |    14 |    46 |    29 ||   102
         Trident           |    58 |    83 |   198 |       ||   339
         Punch             |       |     3 |     3 |       ||     6
         Whip              |       |       |    78 |    40 ||   118
         Morningstar       |       |       |    35 |    72 ||   107
         War axe           |       |       |       |     7 ||     7
  Throw: Javelin           |       |       |     4 |       ||     4
         Dart              |       |       |     1 |     2 ||     3
 Invoke: Berserk           |       |     2 |     3 |     1 ||     6
         Trog's Hand       |       |       |     2 |     2 ||     4
    Use: Scroll            |       |       |       |    15 ||    15
 Armour: Scale mail        |    45 |       |       |       ||    45
         Chain mail        |     9 |    43 |   190 |    14 ||   256
         Acid dragon scale |       |       |    19 |       ||    19
         Plate armour      |       |       |       |   133 ||   133
  Dodge: Dodged            |    59 |    26 |    89 |    56 ||   230
  Block: Kite shield       |       |       |    49 |    71 ||   120
